 Dungeon Crawl Stone Soup version 0.14-a0-40-g75911bd (webtiles) character file.

3659 Sachiko the Grappler (level 9, -3/83 HPs)
             Began as a Troll Monk on Sept 28, 2013.
             Slain by prkl's ghost (22 damage)
             ... on Level 9 of the Dungeon.
             The game lasted 00:25:32 (7320 turns).

Sachiko the Grappler (Troll Monk)                   Turns: 7320, Time: 00:25:32

HP  -3/83        AC 15     Str 21      XL: 9   Next: 79%
MP   5/5         EV  4     Int  8      God:
Gold 177         SH  0     Dex 13      Spells:  0 memorised,  8 levels left

Res.Fire  : . . .   See Invis. : .     - Unarmed
Res.Cold  : . . .   Warding    : .   v - +2 storm dragon armour
Life Prot.: . . .   Conserve   : .   (shield restricted)
Res.Poison: .       Res.Corr.  : .   (helmet restricted)
Res.Elec. : +       Clarity    : .   (no cloak)
Sust.Abil.: . .     Spirit.Shd : .   (gloves unavailable)
Res.Mut.  : +       Stasis     : .   (boots unavailable)
Res.Rott. : .       Flight     : .   c - amulet of resist mutation
Gourmand  : +                        (no ring)
                                     (no ring)

@: slightly resistant to hostile enchantments, extremely unstealthy
A: unfitting armour, claws 3, hooves 1, fast metabolism 3, gourmand,
regeneration 2, saprovore 2, tough skin 2, AC +1
a: no special abilities


You were on level 9 of the Dungeon.
You were very full.

You visited 2 branches of the dungeon, and saw 10 of its levels.

You collected 331 gold pieces.
You spent 154 gold pieces at shops.

Inventory:

Armour
 a - a +1 robe
 e - a +0 troll leather armour
 o - a +0 robe
 r - a +0 robe of fire resistance
 v - a +2 storm dragon armour (worn)
Magical devices
 h - a wand of paralysis (14)
Comestibles
 b - 4 meat rations
 g - 4 bread rations
 l - a lemon
 q - 3 chunks of giant frog flesh
 t - 2 chunks of hobgoblin flesh
 w - 2 chunks of hobgoblin flesh
 x - 6 chunks of ogre flesh
Scrolls
 d - a scroll of enchant armour
 f - a scroll of magic mapping
 i - 5 scrolls of identify
 j - a scroll of enchant weapon I
 k - a scroll of enchant weapon II
 m - a scroll of immolation
 u - 2 scrolls of recharging
Jewellery
 c - an amulet of resist mutation (around neck)
 n - an uncursed amulet of resist corrosion {unknown}
Miscellaneous
 s - a plain deck of destruction {drawn: 2}


   Skills:
 + Level 4.1 Fighting
 + Level 7.3 Dodging
 - Level 1.1 Stealth
 * Level 11.0 Unarmed Combat
 + Level 1.4 Evocations


You had 8 spell levels left.
You didn't know any spells.

Dungeon Overview and Level Annotations

Branches:
Dungeon (9/27)             Temple (1/1) D:7             Orc (0/4) D:7
   Lair: D:8-13

Altars:
Ashenzari
Cheibriados
Elyvilon
Fedhas
Kikubaaqudgha
Makhleb
Nemelex Xobeh
Sif Muna
Trog
Vehumet
Xom
Yredelemnul
Zin
the Shining One

Shops:
D:5 /   D:7 [

Annotations:
D:6 Froboctopus' ghost, experienced GrFi
D:9 prkl's ghost, experienced TrFi


Innate Abilities, Weirdness & Mutations

You are too large for most types of armour.
You have claws for hands.
Your metabolism is lightning-fast.
You like to eat raw meat.
You heal very quickly.
You can eat rotten meat.
You are covered in fur (AC +1).
You have very tough skin (AC +2).
You have large cloven feet.


Message History

Prkl's ghost is moderately damaged.
Prkl's ghost hits you.
You hit prkl's ghost but do no damage.
You kick prkl's ghost, but do no damage.
Prkl's ghost is moderately damaged.
Prkl's ghost hits you!
* * * LOW HITPOINT WARNING * * *
Evoke which item? (* to show all) (? for menu, Esc to quit)
Zapping:
h - a wand of paralysis (15)
Press: ? - help, Shift-Dir - straight line, f - prkl's ghost
Aim: prkl's ghost (moderately damaged) Prkl's ghost easily resists.
This wand has 14 charges left.
Prkl's ghost hits you!
* * * LOW HITPOINT WARNING * * *
You aren't carrying any potions.
There is an open door here.
Prkl's ghost whispers, "The ORB doesn't exist."
There is a stone staircase leading up here.
Prkl's ghost hits you!
You die...

...#.### #.........#
#.....######'#######
..######......###.# ..
#.................# ..
#.########.##.#####
..#######.# ###.##.#
..........# #...##.#
..........######p#.##.#
................@...#.#
....................#.#
...........%........#.#
............%..)....#.#
....................#.#
......................#
......>................
.........##########....
.........# ...


You could see prkl's ghost.

Vanquished Creatures
  Erolcha (D:9)
  A troll (D:8)
  A wyvern (D:9)
  3 orc warriors
  A sky beast (D:8)
  2 ogres
  2 ice beasts
  2 centaurs
  A water moccasin (D:6)
  2 giant frogs
  11 killer bees
  4 wights (D:6)
  4 orc priests
  2 crimson imps
  An iguana (D:5)
  A hound (D:8)
  6 orc wizards
  10 worker ants
  5 adders
  4 gnolls (D:5)
  A giant mite (D:6)
  2 worms
  An inept feature mimic (D:5)
  3 oozes
  24 orcs
  A bat zombie (D:5)
  4 giant cockroaches
  A gnoll zombie (D:6)
  21 hobgoblins
  13 jackals
  2 quokkas (D:3)
  18 bats
  4 giant newts
  20 goblins
  A hobgoblin skeleton (D:6)
  14 kobolds
  10 rats
  A rat skeleton (D:4)
  A rat zombie (D:5)
206 creatures vanquished.

Vanquished Creatures (others)
  A bat (D:7)
1 creature vanquished.

Grand Total: 207 creatures vanquished

Notes
Turn   | Place    | Note
--------------------------------------------------------------
     0 | D:1      | Sachiko, the Troll Monk, began the quest for the Orb.
     0 | D:1      | Reached XP level 1. HP: 20/20 MP: 0/0
   116 | D:1      | Reached XP level 2. HP: 26/28 MP: 0/0
   650 | D:2      | Reached XP level 3. HP: 35/35 MP: 1/1
   745 | D:2      | Reached skill level 5 in Unarmed Combat
  1004 | D:2      | Reached XP level 4. HP: 42/44 MP: 1/1
  1311 | D:3      | Found a white marble altar of Elyvilon.
  1701 | D:3      | Reached XP level 5. HP: 50/50 MP: 1/1
  2384 | D:4      | Reached skill level 6 in Unarmed Combat
  2473 | D:4      | Reached XP level 6. HP: 54/59 MP: 2/2
  2530 | D:4      | Gained mutation: You have large cloven feet. [potion of beneficial mutation]
  2899 | D:5      | Entered Level 5 of the Dungeon
  2939 | D:5      | Found Ibiasa's Magical Wand Emporium.
  2945 | D:5      | Bought a wand of paralysis (12) for 154 gold pieces
  3022 | D:5      | Found a white marble altar of Elyvilon.
  3193 | D:5      | Reached skill level 7 in Unarmed Combat
  3193 | D:5      | Reached XP level 7. HP: 66/66 MP: 2/2
  4254 | D:6      | Reached skill level 8 in Unarmed Combat
  4336 | D:6      | Noticed Froboctopus' ghost (experienced GrFi)
  4560 | D:6      | Reached XP level 8. HP: 43/75 MP: 2/2
  4563 | D:6      | Reached skill level 5 in Dodging
  4697 | D:7      | Found a staircase to the Ecumenical Temple.
  4707 | Temple   | Entered the Ecumenical Temple
  5213 | D:7      | Reached skill level 9 in Unarmed Combat
  5289 | D:7      | Found Looco's Armour Shoppe.
  5522 | D:7      | Found a staircase to the Orcish Mines.
  6110 | D:7      | Reached skill level 1 in Evocations
  6461 | D:8      | Reached XP level 9. HP: 78/83 MP: 4/4
  6473 | D:8      | Reached skill level 10 in Unarmed Combat
  6647 | D:8      | Found a blossoming altar of Fedhas.
  7208 | D:9      | Identified a scroll of acquirement
  7230 | D:9      | Noticed Erolcha
  7243 | D:9      | Killed Erolcha
  7243 | D:9      | Reached skill level 11 in Unarmed Combat
  7288 | D:9      | Noticed prkl's ghost (experienced TrFi)
  7320 | D:9      | Slain by prkl's ghost

Action                   |  1- 3 |  4- 6 |  7- 9 || total
-------------------------+-------+-------+-------++-------
Melee: Unarmed           |   104 |   194 |   272 ||   570
Evoke: Wand              |       |     2 |    10 ||    12
       Deck              |       |       |     2 ||     2
  Use: Scroll            |     5 |     5 |    14 ||    24
       Potion            |     1 |     4 |     7 ||    12
 Stab: Sleeping          |     2 |     3 |     1 ||     6
       Distracted        |     1 |       |       ||     1
       Paralysed         |       |     3 |    15 ||    18
